 Dungeon Crawl Stone Soup version 0.19.5 (webtiles) character file.

211660 JeffiDaFish the Peltast (level 18, -3/120 HPs)
             Began as a Gargoyle Fighter on May 26, 2017.
             Was the Champion of Okawaru.
             Slain by an entropy weaver
             ... wielding a +0 halberd
              (11 damage)
             ... on level 4 of the Spider Nest.
             The game lasted 01:36:52 (37447 turns).

JeffiDaFish the Peltast (Gargoyle Fighter)         Turns: 37447, Time: 01:36:53

Health: -3/120     AC: 19    Str: 28    XL:     18   Next: 89%
Magic:  27/27      EV:  4    Int:  6    God:    Okawaru [******]
Gold:   2832       SH:  0    Dex: 21    Spells: 0 memorised, 17 levels left

rFire  + . .     SeeInvis .     j - +6 morningstar (elec)
rCold  . . .     Gourm    .     v - +2 crystal plate armour
rNeg   + + .     Faith    .     c - +0 shield
rPois  ∞         Spirit   .     y - +1 helmet of Epem {rPois Str+4 Dex+3}
rElec  +         Reflect  +     D - +2 cloak {MR+}
rCorr  .         Harm     .     E - +0 pair of gloves
MR     ++...                    q - +2 pair of boots
Stlth  ..........               R - +5 amulet of reflection
                                k - +3 ring of dexterity
                                J - ring of Utottog {rF+ rN+ MP+9 Str+4 Int-5}

@: confused, corroded, flying, held
A: big wings, slimy green scales 1, negative energy resistance 1, electricity
resistance, unbreathing, petrification resistance, rot immunity, AC +13
a: Stop Flying, Heroism, Finesse, Renounce Religion
}: 1/15 runes: decaying


You were on level 4 of the Spider Nest.
You worshipped Okawaru.
Okawaru was exalted by your worship.
You were not hungry.

You visited 5 branches of the dungeon, and saw 31 of its levels.
You visited the Abyss 1 time.
You also visited: Ice Cave and Volcano.

You collected 3645 gold pieces.
You spent 813 gold pieces at shops.

Inventory:

Hand Weapons
 j - a +6 morningstar of electrocution (weapon)
 T - a +1 demon whip of electrocution
Armour
 a - the +0 pair of boots of the Shoals {rElec rC+ MP+9}
   (You found it on level 3 of the Lair of Beasts)

   It protects you from cold.
   It insulates you from electricity.
   It affects your magic capacity (+9).
 c - a +0 shield (worn)
 q - a +2 pair of boots (worn)
 v - a +2 crystal plate armour (worn)
 y - the +1 helmet of Epem (worn) {rPois Str+4 Dex+3}
   (You found it on level 4 of the Spider Nest)

   It affects your strength (+4).
   It affects your dexterity (+3).
   It protects you from poison.
 C - the +3 plate armour "Jiafagec" {rElec rF- Slay+6}
   (Okawaru gifted it to you on level 4 of the Lair of Beasts)

   It affects your accuracy and damage with ranged weapons and melee attacks
   (+6).
   It makes you vulnerable to fire.
   It insulates you from electricity.
 D - a +2 cloak of magic resistance (worn)
 E - a +0 pair of gloves (worn)
Jewellery
 k - a +3 ring of dexterity (right hand)
 J - the ring of Utottog (left hand) {rF+ rN+ MP+9 Str+4 Int-5}
   (You found it on level 6 of the Lair of Beasts)

   [ring of protection from fire]

   It affects your strength (+4).
   It affects your intelligence (-5).
   It protects you from fire.
   It protects you from negative energy.
   It affects your magic capacity (+9).
 R - a +5 amulet of reflection (around neck)
Wands
 d - a wand of hasting (1/9)
 u - a wand of teleportation (3/9)
 G - a wand of teleportation (5/9)
Scrolls
 g - 6 scrolls of identify
 l - 11 scrolls of teleportation
 o - 11 scrolls of remove curse
 r - 4 scrolls of magic mapping
 s - 4 scrolls of summoning
 M - 2 scrolls of amnesia
 N - a scroll of fog
 O - 2 scrolls of blinking
 P - 4 scrolls of silence
 Q - 2 scrolls of brand weapon
 S - a scroll of fear
Potions
 b - 2 potions of resistance
 e - 4 potions of brilliance
 w - a potion of ambrosia
 x - a potion of agility
 z - a potion of haste
 A - a potion of cure mutation
 B - 4 potions of might
 I - 3 potions of heal wounds
 K - 7 potions of curing
 L - 3 potions of berserk rage
Books
 p - a book of Conjurations

   Spells                             Type                      Level
   a - Magic Dart                     Conjuration                  1
   b - Searing Ray                    Conjuration                  2
   c - Dazzling Spray                 Conjuration/Hexes            3
   d - Fulminant Prism                Conjuration/Hexes            4
   e - Iskenderun's Mystic Blast      Conjuration                  4
   f - Iskenderun's Battlesphere      Conjuration/Charms           5
Comestibles
 f - 18 bread rations
 h - 3 slices of pizza
 i - 3 royal jellies
 m - 41 fruits
 n - 8 beef jerkies
 t - 8 meat rations
 F - 3 chunks of flesh


   Skills:
 + Level 15.8 Fighting
 + Level 18.2 Maces & Flails
 + Level 14.1 Armour
 + Level 2.7 Dodging
 + Level 2.2 Stealth
 + Level 20.1 Shields


You had 17 spell levels left.
You didn't know any spells.

Dungeon Overview and Level Annotations

Branches:
Dungeon (15/15)            Temple (0/1) D:5            Lair (6/6) D:9
  Swamp (4/4) Lair:4       Spider (4/4) Lair:4        Slime (0/5) Lair:6
    Orc (2/2) D:10            Elf (0/3) Orc:2        Vaults (0/5) D:13
 Depths (0/5) D:15

Altars:
Okawaru
Sif Muna
Trog
Uskayaw
Vehumet
Yredelemnul
Beogh
Jiyva

Shops:
D:6 *   D:8 *   Orc:2 ?}*}

Portals:
Trove: D:14 (give 15 scrolls of teleportation)


Innate Abilities, Weirdness & Mutations

You are resistant to torment.
Your stone body is resilient. (AC +13)
You are immune to poison.
Your large and strong wings let you fly indefinitely.
You resist negative energy. (rN+)
You are resistant to electric shocks. (rElec)
You can survive without breathing.
You are immune to petrification.
You are immune to rotting.
You are partially covered in slimy green scales. (AC +2)


Message History

You are caught in a web!
The jumping spider bites you but does no damage.
The tarantella barely misses you.
The jumping spider pounces on you but does no damage.
The jumping spider bites you but does no damage.
The redback barely misses you.
You're too confused!
You feel much better. The jumping spider pounces on you!
* * * LOW HITPOINT WARNING * * *
The jumping spider bites you.
* * * LOW HITPOINT WARNING * * *
The tarantella bites you!
* * * LOW HITPOINT WARNING * * *
You are more confused.
The entropy weaver hits you with a halberd.
* * * LOW HITPOINT WARNING * * *
The entropy weaver hits you with a halberd!
* * * LOW HITPOINT WARNING * * *
The entropy weaver hits you with a halberd!
You die...

....^#.#..<......#..#^.#....#^..^
.^...#....#§...^#........^#.....#
##..^..........#......#..##..<...
^..##.#....^.....^##....##...#.#.
#.#..^..^.....#........#^........
..#..#.....#.......^.#^#...^...^.
...#^.#...#..#.....#......^#....#
....#^.#.....#.ss#.†.....#.....##
##...#...#^....#@s......#...#..#
.......#.......as..#......^##..#
...#...#.#......#####.##########
)#..#...........≈# ###
.#...#..†........≈.#
.##.....#.....#.≈..#
......#...≈..####≈sa.
#^..#.#.#....# ..(≈≈
....#......≈## .s≈≈#


You could see an entropy weaver, 2 jumping spiders, a tarantella and a redback.

Vanquished Creatures
  Arachne (Spider:3)
  Frances (D:14)
  An acid blob (Lair:6)
  Agnes (D:14)
  Roxanne (Spider:2)
  The ghost of Kook the Destroyer, an adept DsFE of Yredelemnul (Swamp:2)
  A frost giant (IceCv)
  4 emperor scorpions
  2 ghost moths
  A very ugly thing (Swamp:4)
  Nessos (Lair:5)
  A dire elephant (Lair:6)
  The ghost of TheBrohammadAli the Basher, a journeyman MiFi of Trog (Orc:2)
  2 spark wasps (Spider:2)
  Josephine (Lair:5)
  A fire dragon (D:15)
  The ghost of boo the Carver, a journeyman MiFi of Okawaru (D:10)
  3 ogre magi (Orc:2)
  A rakshasa (D:15)
  Erolcha (D:13)
  23 hydras
  A death knight (D:15)
  3 ghost crabs
  4 centaur warriors
  A merfolk avatar (Lair:6)
  A dancing weapon (Volcano)
  3 death yaks (Lair:5)
  A tengu warrior (D:15)
  8 alligators
  Urug (D:13)
  A hell hog (shapeshifter) (D:15)
  Nergalle (Lair:2)
  4 skeletal warriors (D:15)
  3 spriggan druids
  2 large abominations (D:8)
  2 sea snakes (Lair:6)
  An iron troll (Orc:1)
  A deep troll (Orc:1)
  A glowing orange brain (D:15)
  2 unseen horrors (D:13)
  4 shambling mangroves
  5 orc knights
  5 wizards (Volcano)
  7 hill giants
  11 swamp dragons
  3 harpies
  3 deep elf magi
  14 orb spiders
  24 wolf spiders
  3 cyclopes
  3 manticores
  2 orc sorcerers
  5 toenail golems (Volcano)
  19 ugly things
  3 centaur zombies
  Maurice (D:13)
  5 black mambas
  3 gargoyles
  2 ice statues
  A torpor snail (Spider:4)
  8 elephants
  A spiny frog (shapeshifter) (D:15)
  25 spiny frogs
  5 centaur skeletons
  2 kobold demonologists
  11 rime drakes
  12 komodo dragons
  8 demonic crawlers
  31 jumping spiders
  A merfolk (D:13)
  A tengu conjurer (D:15)
  19 polar bears
  12 two-headed ogres
  5 tyrant leeches
  13 trolls
  Prince Ribbit (D:7)
  21 hornets
  16 blink frogs
  9 slime creatures
  4 dream sheep
  18 hippogriffs
  5 bog bodies
  5 shadows
  22 tarantellas
  7 wraiths
  57 redbacks
  12 spriggans
  5 basilisks
  A tarantella (shapeshifter) (D:15)
  14 wyverns
  35 yaks
  4 water elementals (D:15)
  16 humans (D:13)
  A yak (shapeshifter) (D:15)
  A fire elemental (Orc:2)
  2 hungry ghosts
  7 vampire mosquitoes
  A basilisk (shapeshifter) (D:15)
  4 wargs
  A mottled dragon (D:13)
  Duvessa (D:7)
  15 swamp worms
  10 porcupines
  15 water moccasins
  2 hell hounds (Lair:6)
  The ghost of Deofuta the Sneak, an amateur SpEn (D:3)
  17 orc warriors
  2 sky beasts
  An ice beast (D:5)
  7 swamp drakes
  3 phantoms
  3 eyes of draining
  30 ogres
  12 wolves
  20 centaurs
  17 crocodiles
  18 bullfrogs
  A wyvern zombie (D:14)
  A gnoll sergeant (D:9)
  A water moccasin zombie (D:7)
  2 scorpions
  Dowan (D:7)
  A water moccasin skeleton (D:9)
  2 small abominations (Abyss:1)
  3 killer bees (D:8)
  4 wights (D:7)
  3 electric eels (D:15)
  6 howler monkeys (D:10)
  4 crimson imps
  7 hounds
  4 jellies
  16 orc wizards
  13 orc priests
  3 bullfrog skeletons
  2 iguanas
  12 worker ants
  A worker ant zombie (D:5)
  10 adders
  24 gnolls
  A shadow imp (D:14)
  12 white imps (Lair:3)
  An ooze (D:3)
  An adder zombie (D:9)
  4 worms
  2 dart slugs
  2 leopard geckos
  64 orcs
  12 bats
  A bat skeleton (D:2)
  3 giant cockroaches
  6 goblins
  7 hobgoblins
  8 kobolds
  9 quokkas
  2 ball pythons
  6 frilled lizards
  A jackal zombie (D:8)
  A leopard gecko skeleton (D:2)
  A leopard gecko zombie (D:2)
  A quokka skeleton (D:2)
  A quokka zombie (D:8)
  4 rats
  A fungus (Lair:4)
  A plant (Lair:6)
1084 creatures vanquished.

Vanquished Creatures (others)
  A cyclops (Orc:2)
  A redback (Spider:4)
  An orc (Orc:1)
  A bush (Lair:6)
  11 fungi
  15 plants (Lair:6)
30 creatures vanquished.

Grand Total: 1114 creatures vanquished

Notes
Turn   | Place    | Note
-------+----------+-------------------------------------------
     0 | D:1      | JeffiDaFish the Gargoyle Fighter began the quest for the Orb.
     0 | D:1      | Reached XP level 1. HP: 14/14 MP: 1/1
   170 | D:1      | Reached XP level 2. HP: 17/20 MP: 2/2
   281 | D:1      | Gained mutation: You are partially covered in icy blue scales. (AC +2) [potion of mutation]
   281 | D:1      | Lost mutation: You are partially covered in icy blue scales. (AC +2) [potion of mutation]
   281 | D:1      | Gained mutation: You are partially covered in slimy green scales. (AC +2) [potion of mutation]
   524 | D:1      | Reached XP level 3. HP: 24/24 MP: 3/3
   940 | D:2      | Reached skill level 4 in Shields
   940 | D:2      | Reached XP level 4. HP: 29/29 MP: 4/4
  1256 | D:2      | Found a deep blue altar of Sif Muna.
  1407 | D:2      | Reached XP level 5. HP: 33/33 MP: 5/5
  2621 | D:3      | Noticed Deofuta's ghost (amateur SpEn)
  2673 | D:3      | Killed Deofuta's ghost
  2673 | D:3      | Reached XP level 6. HP: 35/39 MP: 6/6
  2945 | D:4      | Reached skill level 5 in Shields
  2979 | D:4      | Gained mutation: Your muscles are strong. (Str +2) [potion of beneficial mutation]
  2980 | D:4      | Gained mutation: Your mind is acute. (Int +2) [potion of beneficial mutation]
  3221 | D:4      | Reached XP level 7. HP: 44/44 MP: 7/7
  3638 | D:4      | Found a faded altar of an unknown god.
  3638 | D:4      | Found a faded altar of an unknown god.
  3643 | D:4      | Found a faded altar of an unknown god.
  3645 | D:4      | Found a basalt altar of Yredelemnul.
  3646 | D:4      | Found a faded altar of an unknown god.
  3809 | D:5      | Entered Level 5 of the Dungeon
  3853 | D:5      | Found an iron altar of Okawaru.
  3861 | D:5      | Became a worshipper of Warmaster Okawaru
  3994 | D:5      | Reached skill level 5 in Maces & Flails
  4005 | D:5      | Found a staircase to the Ecumenical Temple.
  4019 | D:5      | Reached skill level 5 in Armour
  4471 | D:5      | Reached skill level 5 in Fighting
  4789 | D:6      | Reached XP level 8. HP: 49/49 MP: 8/8
  4791 | D:6      | Found Fymmyen's Assorted Antiques.
  4919 | D:6      | Reached * piety under Okawaru
  4919 | D:6      | Reached skill level 6 in Shields
  5303 | D:6      | Reached ** piety under Okawaru
  5517 | D:6      | Reached skill level 7 in Shields
  5566 | D:6      | Reached XP level 9. HP: 54/54 MP: 9/9
  5677 | D:7      | Noticed Dowan
  5685 | D:6      | Reached skill level 1 in Dodging
  5778 | D:7      | Killed Dowan
  5902 | D:7      | Noticed Duvessa
  5922 | D:7      | Killed Duvessa
  5976 | D:7      | Noticed a hill giant
  5991 | D:7      | Killed a hill giant
  5991 | D:7      | Reached *** piety under Okawaru
  6405 | D:7      | Reached skill level 8 in Shields
  6414 | D:7      | Noticed Prince Ribbit
  6436 | D:7      | Reached **** piety under Okawaru
  6436 | D:7      | Reached XP level 10. HP: 46/61 MP: 10/10
  6557 | D:7      | Reached skill level 1 in Stealth
  6669 | D:7      | Killed Prince Ribbit
  6752 | D:8      | Found Maremi's Assorted Antiques.
  6770 | D:8      | Found a bloodstained altar of Trog.
  7347 | D:8      | Cast into level 1 of the Abyss (gnoll)
  7381 | Abyss:1  | Noticed a green very ugly thing
  7391 | Abyss:1  | Noticed a green very ugly thing
  7393 | Abyss:1  | Noticed a green ugly thing
  7731 | Abyss:1  | Noticed a large abomination
  7736 | Abyss:1  | Noticed a starcursed mass
  7737 | D:8      | Escaped the Abyss
  8039 | D:8      | Killed a large abomination
  8249 | D:8      | Reached ***** piety under Okawaru
  8686 | D:9      | Reached skill level 9 in Shields
  9196 | D:9      | Found a staircase to the Lair.
  9196 | D:9      | Noticed an elephant
  9216 | D:9      | Reached skill level 10 in Maces & Flails
  9233 | D:9      | Killed an elephant
  9433 | D:9      | Reached XP level 11. HP: 54/68 MP: 11/11
  9605 | D:9      | Noticed a manticore
  9625 | D:9      | Killed a manticore
  9901 | D:9      | Received a gift from Okawaru
 10207 | Lair:1   | Entered Level 1 of the Lair of Beasts
 10456 | Lair:1   | Reached skill level 10 in Shields
 11336 | Lair:2   | Noticed Nergalle
 11377 | Lair:2   | Killed Nergalle
 11859 | Lair:2   | Received a gift from Okawaru
 12278 | Lair:2   | Reached ****** piety under Okawaru
 12402 | Lair:3   | Reached skill level 11 in Shields
 12620 | Lair:3   | Reached XP level 12. HP: 76/76 MP: 12/12
 12760 | Lair:3   | Found a frozen archway.
 12897 | IceCv    | Entered an ice cave
 12932 | IceCv    | Received a gift from Okawaru
 13390 | IceCv    | Reached skill level 10 in Armour
 13591 | IceCv    | Gained mutation: Your spells are a little harder to cast, but a little more powerful. [potion of beneficial mutation]
 13690 | IceCv    | Gained mutation: You are resistant to hostile enchantments. (MR+) [potion of beneficial mutation]
 13933 | IceCv    | Reached skill level 12 in Shields
 14496 | IceCv    | Noticed a frost giant
 14633 | IceCv    | Killed a frost giant
 14936 | IceCv    | Received a gift from Okawaru
 15038 | IceCv    | Got a brightly glowing great sword
 15567 | Lair:3   | Identified the +6 great sword of Ash {protect, Str+4 SInv} (You found it in an ice cave)
 15586 | Lair:3   | Got a pair of shimmering boots
 15597 | Lair:3   | Identified the cursed +0 pair of boots of the Shoals {rElec rC+ MP+9} (You found it on level 3 of the Lair of Beasts)
 15823 | Lair:4   | Received a gift from Okawaru
 15828 | Lair:4   | Got a smoking plate armour {god gift}
 15839 | Lair:4   | Identified the +3 plate armour "Jiafagec" {rElec rF- Slay+6} (Okawaru gifted it to you on level 4 of the Lair of Beasts)
 16022 | D:6      | Bought an ancient plate armour for 560 gold pieces
 16047 | D:6      | Identified the cursed +0 plate armour of the Sun {MR- Dex+4} (You bought it in a shop on level 6 of the Dungeon)
 16229 | Lair:3   | Reached XP level 13. HP: 57/82 MP: 13/13
 16642 | Lair:4   | Found a staircase to the Swamp.
 17058 | Lair:4   | Reached skill level 10 in Fighting
 17059 | Lair:4   | Reached skill level 13 in Shields
 17175 | Lair:4   | Found a hole to the Spider Nest.
 17526 | Lair:4   | Lost mutation: You are resistant to hostile enchantments. (MR+) [potion of cure mutation]
 17526 | Lair:4   | Lost mutation: Your muscles are strong. (Str +2) [potion of cure mutation]
 17526 | Lair:4   | Lost mutation: Your mind is acute. (Int +2) [potion of cure mutation]
 17526 | Lair:4   | Lost mutation: Your spells are a little harder to cast, but a little more powerful. [potion of cure mutation]
 17982 | Lair:5   | Found a dark tunnel.
 18004 | Volcano  | Entered a volcano
 18355 | Volcano  | Received a gift from Okawaru
 18791 | Lair:5   | Noticed Josephine
 18823 | Lair:5   | Killed Josephine
 19204 | Lair:5   | Noticed Nessos
 19216 | Lair:5   | Killed Nessos
 19521 | Lair:5   | Received a gift from Okawaru
 19558 | Lair:5   | Gained mutation: Your large and strong wings let you fly indefinitely. [Gargoyle growth]
 19558 | Lair:5   | Reached XP level 14. HP: 66/88 MP: 14/14
 19646 | Lair:6   | Entered Level 6 of the Lair of Beasts
 19668 | Lair:5   | Reached skill level 14 in Shields
 20082 | Lair:5   | Received a gift from Okawaru
 20104 | Lair:5   | Got a crude demon whip {god gift}
 20105 | Lair:5   | Identified the +2 demon whip of Mupnitol {pain, Stlth+} (Okawaru gifted it to you on level 5 of the Lair of Beasts)
 20335 | Lair:6   | Noticed a dire elephant
 20371 | Lair:6   | Killed a dire elephant
 20714 | Lair:6   | Received a gift from Okawaru
 20995 | Lair:6   | Found a staircase to the Slime Pits.
 20997 | Lair:6   | Found a viscous altar of Jiyva.
 21016 | Lair:6   | Noticed an acid blob
 21029 | Lair:6   | Killed an acid blob
 21034 | Lair:6   | Reached skill level 15 in Maces & Flails
 21101 | Lair:6   | Reached skill level 15 in Shields
 21686 | Lair:6   | Reached XP level 15. HP: 80/96 MP: 15/15
 21956 | Lair:6   | Received a gift from Okawaru
 22625 | Lair:6   | Got a flickering lead ring
 22648 | Lair:6   | Identified the ring of Utottog {rF+ rN+ MP+9 Str+4 Int-5} (You found it on level 6 of the Lair of Beasts)
 22855 | D:10     | Entered Level 10 of the Dungeon
 22911 | D:10     | Found a staircase to the Orcish Mines.
 23496 | D:10     | Noticed boo's ghost (journeyman MiFi)
 23510 | D:10     | Killed boo's ghost
 25053 | D:13     | Found a gate to the Vaults.
 25053 | D:13     | Noticed Urug
 25091 | D:13     | Received a gift from Okawaru
 25138 | D:13     | Killed Urug
 25163 | D:13     | Reached skill level 16 in Shields
 25492 | D:13     | Noticed Erolcha
 25498 | D:13     | Killed Erolcha
 25513 | D:13     | Noticed Maurice
 25521 | D:13     | Killed Maurice
 26552 | D:14     | Noticed Agnes
 26555 | D:14     | Received a gift from Okawaru
 26582 | D:14     | Killed Agnes
 26624 | D:14     | Reached XP level 16. HP: 94/103 MP: 16/16
 26960 | D:14     | Found a portal to a secret trove of treasure.
 26962 | D:14     | Noticed Frances
 26974 | D:14     | Killed Frances
 27235 | D:15     | Entered Level 15 of the Dungeon
 27236 | D:15     | Found a hide-covered altar of Uskayaw.
 27685 | D:15     | Reached skill level 17 in Shields
 28035 | D:15     | Found a staircase to the Depths.
 28283 | D:15     | Received a gift from Okawaru
 28724 | Orc:1    | Entered Level 1 of the Orcish Mines
 28783 | Orc:1    | Found a radiant altar of Vehumet.
 29445 | Orc:2    | Entered Level 2 of the Orcish Mines
 29445 | Orc:2    | Noticed TheBrohammadAli's ghost (journeyman MiFi)
 29457 | Orc:2    | Killed TheBrohammadAli's ghost
 29666 | Orc:2    | Found a staircase to the Elven Halls.
 29676 | Orc:2    | Found Azoe's General Store.
 30177 | Orc:2    | Reached XP level 17. HP: 93/111 MP: 17/17
 30299 | Orc:2    | Found Heboimes's Magic Scroll Boutique.
 30312 | Orc:2    | Found Xeplu's Gadget Shoppe.
 30358 | Orc:2    | Found Xaqiud's Gadget Shoppe.
 30361 | Orc:2    | Bought a scroll of enchant weapon for 82 gold pieces
 30367 | Orc:2    | Bought a potion of heal wounds for 90 gold pieces
 30367 | Orc:2    | Bought a +0 pair of gloves for 81 gold pieces
 30449 | Orc:2    | Found a roughly hewn altar of Beogh.
 30791 | Swamp:1  | Entered Level 1 of the Swamp
 30953 | Swamp:1  | Reached skill level 18 in Shields
 31120 | Swamp:1  | Received a gift from Okawaru
 31761 | Swamp:2  | Noticed Kook's ghost (adept DsFE)
 31779 | Swamp:2  | Killed Kook's ghost
 31786 | Swamp:2  | Received a gift from Okawaru
 32890 | Swamp:4  | Entered Level 4 of the Swamp
 33234 | Swamp:4  | Got a decaying rune of Zot
 33409 | Swamp:4  | Received a gift from Okawaru
 33788 | Spider:1 | Entered Level 1 of the Spider Nest
 34087 | Spider:1 | Reached XP level 18. HP: 116/118 MP: 18/18
 34098 | Spider:1 | Reached skill level 19 in Shields
 34109 | Spider:1 | Reached skill level 15 in Fighting
 34190 | Spider:1 | Received a gift from Okawaru
 34423 | Spider:2 | Noticed Roxanne
 34445 | Spider:2 | Killed Roxanne
 35614 | Spider:3 | Received a gift from Okawaru
 36026 | Spider:3 | Noticed Arachne
 36045 | Spider:3 | Killed Arachne
 36869 | Spider:4 | Entered Level 4 of the Spider Nest
 37076 | Spider:4 | Reached skill level 20 in Shields
 37255 | Spider:4 | Got a polished helmet
 37290 | Spider:4 | Identified the +1 helmet of Epem {rPois Str+4 Dex+3} (You found it on level 4 of the Spider Nest)
 37447 | Spider:4 | Slain by an entropy weaver

Skill      XL: |  1  2  3  4  5  6  7  8  9 10 11 12 13 14 15 16 17 18 |
---------------+-------------------------------------------------------+-----
Fighting       | 4 5 6 7 9 10 11 12 14 15 | 15.8
Shields        | 4 5 7 8 9 11 12 13 15 16 17 18 20 | 20.1
Maces & Flails | 3 4 5 7 8 10 11 12 14 15 16 17 18 | 18.2
Armour         | 4 5 6 7 8 9 10 11 12 13 14 | 14.1
Dodging        | 1 2 |  2.7
Stealth        | 1 2 |  2.2

Action                   |  1- 3 |  4- 6 |  7- 9 | 10-12 | 13-15 | 16-18 || total
-------------------------+-------+-------+-------+-------+-------+-------++-------
Melee: Flail             |   125 |   317 |   475 |  1275 |   160 |       ||  2352
       Morningstar       |       |       |       |       |  1497 |  1931 ||  3428
       Demon whip        |       |       |       |       |    22 |       ||    22
Invok: Heroism           |       |       |       |     1 |       |       ||     1
 Abil: Fly               |       |       |       |       |     1 |       ||     1
  Use: Potion            |     3 |     4 |     3 |    14 |     6 |     4 ||    34
       Scroll            |     3 |     5 |     3 |    17 |    14 |    10 ||    52
  Eat: Chunk             |       |     8 |    14 |    33 |    30 |    37 ||   122
       Meat ration       |       |       |       |       |     1 |       ||     1
Armor: Scale mail        |    18 |       |       |       |       |       ||    18
       Plate armour      |    68 |   247 |   306 |   816 |   501 |       ||  1938
       Crystal plate arm |       |       |       |       |   496 |  1240 ||  1736
Dodge: Dodged            |    28 |    36 |    90 |   373 |   342 |   326 ||  1195
Block: Shield            |    80 |   176 |   270 |   935 |  1161 |  1789 ||  4411
       Reflection        |       |       |       |       |     9 |    33 ||    42
